 Dungeon Crawl Stone Soup version 0.25.1-8-g42b30a86e7 (webtiles) character file.

Game seed: 15735319328395057964

19520 Sweeb the Blocker (level 12, 0/99 HPs)
             Began as a Demonspawn Fighter on Dec 21, 2020.
             Was a High Priest of Makhleb.
             Slain by an orc knight
             ... wielding a +0 great sword of holy wrath
              (27 damage)
             ... on level 12 of the Dungeon on Dec 22, 2020.
             The game lasted 00:29:07 (13507 turns).

Sweeb the Blocker (Demonspawn Fighter)             Turns: 13507, Time: 00:29:09

Health: 0/99       AC: 12    Str: 26    XL:     12   Next: 37%
Magic:  3/3        EV:  9    Int: 10    God:    Makhleb [*****.]
Gold:   477        SH: 14    Dex: 13    Spells: 11/11 levels left

rFire    . . .     SeeInvis +   a - +2 long sword (freeze)
rCold    . . .     Gourm    .   c - +1 kite shield
rNeg     + . .     Faith    .   q - +1 scale mail of Yrchaik {SInv Stlth+} (curse)
rPois    .         Spirit   .   v - +2 helmet
rElec    .         Reflect  .   z - scarf {+Inv}
rCorr    +         Harm     .   (no gloves)
MR       .....                  e - +0 pair of boots
Stlth    +.........             H - amulet of the acrobat
HPRegen  0.26/turn              M - ring of the Soothsayer {rN+ rCorr MP-9 Str+5}
MPRegen  0.08/turn              y - +4 ring of slaying

@: no status effects
A: talons 2, rugged brown scales 1, demonic guardian 2, foul stench 1, rot
immunity
a: Minor Destruction, Lesser Servant of Makhleb, Major Destruction, Greater
Servant of Makhleb, Renounce Religion, Evoke Invisibility


You were on level 12 of the Dungeon.
You worshipped Makhleb.
Makhleb was extremely pleased with you.
You were not hungry.

You visited 3 branches of the dungeon, and saw 14 of its levels.
You also visited: Ossuary and Ice Cave.

You collected 927 gold pieces.
You spent 450 gold pieces at shops.

Inventory:

Hand Weapons
 a - a +2 long sword of freezing (weapon)
Armour
 c - a +1 kite shield (worn)
 e - a +0 pair of boots (worn)
 q - the cursed +1 scale mail of Yrchaik (worn) {SInv Stlth+}
   (You bought it in a shop on level 5 of the Dungeon)

   It lets you see invisible.
   It makes you more stealthy.
   It has a curse placed upon it.
 v - a +2 helmet (worn)
 z - a scarf of invisibility (worn)
Jewellery
 k - a cursed -4 ring of intelligence {unknown}
 m - an uncursed ring of protection from cold
 n - an uncursed ring of protection from magic
 y - a +4 ring of slaying (right hand)
 D - an uncursed ring of protection from cold
 G - a cursed -4 ring of protection
 H - an amulet of the acrobat (around neck)
 I - an uncursed ring of see invisible
 K - an uncursed amulet of guardian spirit
 M - the ring of the Soothsayer (left hand) {rN+ rCorr MP-9 Str+5}
   (You found it on level 8 of the Dungeon)

   [ring of resist corrosion]

   It affects your strength (+5).
   It protects you from negative energy.
   It affects your magic capacity (-9).
   It provides partial protection from all sources of acid and corrosion.
Wands
 i - a wand of flame (40)
 J - a wand of disintegration (12)
 O - a wand of iceblast (5)
 Q - a wand of enslavement (10)
 T - a wand of clouds (5)
Scrolls
 b - 3 scrolls of amnesia
 h - 6 scrolls of remove curse
 j - 3 scrolls of fog
 r - 9 scrolls of teleportation
 x - 2 scrolls of fear
 A - 3 scrolls of noise
 B - a scroll of random uselessness
 L - 2 scrolls of identify
 N - a scroll of enchant armour
 P - a scroll of silence {unknown}
 S - a scroll of magic mapping
 U - a scroll of enchant weapon
Potions
 d - 4 potions of might
 g - 3 potions of mutation
 l - 9 potions of curing
 o - 3 potions of berserk rage
 p - a potion of haste
 s - 2 potions of ambrosia
 t - a potion of invisibility
 u - 6 potions of stabbing
 w - 2 potions of flight
 C - 2 potions of heal wounds
 E - a potion of lignification
 F - a potion of degeneration
Comestibles
 f - 21 rations


   Skills:
 + Level 9.8 Fighting
 * Level 12.0 Long Blades
 - Level 2.6 Armour
 * Level 12.1 Shields


You had 11 spell levels left.
You didn't know any spells.
Your spell library contained the following spells:

 Spells                   Type           Power        Failure   Level  Hunger
 Ice Form                 Ice/Tmut       #.......     100%        4    #####..
 Metabolic Englaciation   Hex/Ice        #.........   100%        5    ######.
 Freezing Cloud           Conj/Ice/Air   #.........   100%        6    #######
 Ozocubu's Refrigeration  Ice            #.........   100%        6    #######
 Simulacrum               Ice/Necr       #.........   100%        6    #######


Dungeon Overview and Level Annotations

Branches:
Dungeon (12/15)            Temple (1/1) D:6            Lair (1/6) D:8
    Orc (0/2) D:10        Ossuary (visited)           IceCv (visited)

Altars:
Ashenzari
Cheibriados
Dithmenos
Elyvilon
Fedhas
Gozag
Hepliaklqana
Kikubaaqudgha
Makhleb
Nemelex Xobeh
Okawaru
Qazlal
Ru
Sif Muna
Trog
Uskayaw
Vehumet
Wu Jian
Xom
Yredelemnul
Zin
The Shining One

Shops:
D:5 [[:   D:12 %

Portals:
Trove: D:12 (give +4 storm dragon scales)

Annotations:
D:4 1 runed translucent door


Innate Abilities, Weirdness & Mutations

You have razor-sharp toenails.
You are partially covered in rugged brown scales. (AC +1, +3% HP)
A demonic guardian rushes to your aid.
You may emit foul miasma when damaged in melee.
You are immune to rotting.


Message History

Your ice devil freezes the water elemental!!
The water elemental is destroyed!
Makhleb accepts your kill.
Your shield and scale mail of Yrchaik prevent you from hitting the orc knight.
The orc knight is heavily wounded.
You block the orc knight's attack.
You closely miss the orc knight.
The orc knight is heavily wounded.
Your ice devil closely misses the orc knight.
You block the orc knight's attack.
You hit the orc knight but do no damage.
The orc knight is heavily wounded.
Your ice devil hits the orc knight but does no damage.
You hit the orc knight. You freeze the orc knight.
The orc knight is severely wounded.
Your ice devil disappears in a puff of smoke!
The orc knight hits you with a +0 great sword of holy wrath!!
* * * LOW HITPOINT WARNING * * *
You convulse!!
You die...

#..# #####.. #. #..# #..
#.. #..# #..
#$.########(.#########..
#..................))...
#............(..(((.)...
..##$.§######..#####...
#.o.# #..# ##♣.≈ #$.@#
#..# #≈P.P ##..# #4.#
♣≈≈.≈ # #..# #..##≈P≈≈.≈
#..###..######....P≈≈P.≈
#........§........≈≈≈≈.≈
#....?.))§......##♣≈≈≈.P
#.......######..# ≈≈≈≈.≈
#.......# #..###♣≈≈.≈
#......E# #..# ♣≈≈.≈


You could see an orc knight.

Vanquished Creatures
  A frost giant (IceCv)
  A death yak (IceCv)
  2 unseen horrors
  An ugly thing (D:11)
  A merfolk (D:10)
  11 polar bears (IceCv)
  A troll (D:11)
  2 slime creatures (D:12)
  A shadow (D:11)
  A vampire (D:11)
  A wraith (D:10)
  12 yaks
  2 water elementals (D:12)
  A human (D:10)
  A wyvern (D:10)
  3 water moccasins (Lair:1)
  An orc warrior (D:12)
  A black bear (D:11)
  A hornet zombie (D:9)
  2 ice beasts
  2 necrophages
  2 eyes of draining (D:10)
  4 sky beasts
  A phantom (D:7)
  12 wolves (IceCv)
  9 centaurs
  An ogre (D:11)
  A big kobold (D:10)
  7 bullfrogs
  A wyvern skeleton (D:8)
  A gnoll sergeant (D:10)
  3 scorpions
  6 killer bees (D:12)
  9 wights
  2 electric eels (D:12)
  4 howler monkeys
  5 crimson imps
  2 bullfrog zombies
  3 hounds
  3 jellies
  2 centaur skeletons
  2 bullfrog skeletons
  2 iguanas
  3 orc priests
  A gnoll shaman (D:8)
  9 orc wizards
  Natasha (twice) (D:4)
  Terence (D:2)
  8 worker ants
  A hound skeleton (D:8)
  3 mummies (Ossuary)
  2 worker ant zombies (D:8)
  9 gnolls
  9 adders
  A howler monkey skeleton (D:6)
  3 shadow imps
  2 oozes
  2 worms
  A dart slug (D:1)
  8 leopard geckos
  25 orcs
  A ball python (D:2)
  3 giant cockroaches
  A gnoll zombie (Ossuary)
  3 goblins
  7 hobgoblins
  5 jackals
  5 quokkas
  6 bats
  2 frilled lizards
  4 goblin zombies (Ossuary)
  3 hobgoblin zombies (Ossuary)
  A jackal skeleton (D:8)
  A jackal zombie (D:5)
  18 kobolds
  A kobold zombie (Ossuary)
  3 quokka skeletons
  A quokka zombie (D:6)
  11 rats
297 creatures vanquished.

Vanquished Creatures (collateral kills)
  A hydra (D:12)
  A centaur skeleton (D:12)
  Psyche (D:9)
  2 rime drakes (D:11)
  A gargoyle (D:12)
  2 trolls (D:10)
  Prince Ribbit (D:8)
  4 polar bears (IceCv)
  3 hippogriffs
  A slime creature (D:12)
  A shadow (D:8)
  A wraith (Ossuary)
  A water elemental (D:12)
  8 yaks
  3 orc warriors
  An ogre (D:8)
  2 wolves (IceCv)
  A phantom (D:9)
  3 centaurs
  An elf zombie (Ossuary)
  A scorpion (D:6)
  A hound (D:7)
  A human zombie (D:4)
  2 orc wizards (D:8)
  A bullfrog skeleton (D:8)
  A gnoll shaman (D:6)
  A worker ant (D:8)
  Natasha (D:4)
  11 gnolls
  An adder skeleton (D:4)
  A leopard gecko (D:9)
  An orc (D:12)
  2 jackals (D:7)
  A goblin zombie (Ossuary)
  A hobgoblin zombie (Ossuary)
66 creatures vanquished.

Vanquished Creatures (others)
  5 plants (D:12)
5 creatures vanquished.

Grand Total: 368 creatures vanquished

Notes
Turn   | Place    | Note
-------+----------+-------------------------------------------
     0 | D:1      | Sweeb the Demonspawn Fighter began the quest for the Orb.
     0 | D:1      | Reached XP level 1. HP: 18/18 MP: 1/1
   172 | D:1      | Gained mutation: You are immune to rotting. [demonic
                  | ancestry]
   172 | D:1      | Reached XP level 2. HP: 21/24 MP: 2/2
   820 | D:2      | Gained mutation: You are partially covered in rugged brown
                  | scales. (AC +1, +3% HP) [demonic ancestry]
   820 | D:2      | Reached XP level 3. HP: 24/29 MP: 3/3
  1167 | D:2      | Noticed Terence
  1190 | D:2      | Killed Terence
  1190 | D:2      | Gained mutation: You may emit foul miasma when damaged in
                  | melee. [demonic ancestry]
  1190 | D:2      | Reached XP level 4. HP: 23/36 MP: 4/4
  1872 | D:3      | Found a sparkling altar of Nemelex Xobeh.
  2165 | D:3      | Gained mutation: A weak demonic guardian rushes to your
                  | aid. [demonic ancestry]
  2165 | D:3      | Reached XP level 5. HP: 30/43 MP: 5/5
  2568 | D:4      | Found a runed translucent door.
  2568 | D:4      | Found a basalt altar of Yredelemnul.
  2568 | D:4      | Noticed a human
  2697 | D:4      | Noticed Natasha
  2710 | D:4      | Killed Natasha
  3020 | D:4      | Noticed Natasha
  3033 | D:4      | Killed Natasha
  3033 | D:4      | Gained mutation: A demonic guardian rushes to your aid.
                  | [demonic ancestry]
  3033 | D:4      | Reached XP level 6. HP: 21/49 MP: 6/6
  3070 | D:4      | Noticed Natasha
  3077 | D:4      | Killed Natasha
  3316 | D:4      | Found a glowing silver altar of Zin.
  3316 | D:4      | Found an opulent altar of Gozag.
  3680 | D:5      | Entered Level 5 of the Dungeon
  3689 | D:5      | Found Toifil's Antique Armour Shop.
  3695 | D:5      | Bought an ancient scale mail for 225 gold pieces
  3705 | D:5      | Identified the cursed +1 scale mail of the Villain {rCorr}
                  | (You bought it in a shop on level 5 of the Dungeon)
  3741 | D:5      | Found a sand-covered staircase.
  3759 | Ossuary  | Entered an ossuary
  3759 | Ossuary  | Noticed a wraith
  3759 | Ossuary  | Noticed a wraith
  3759 | Ossuary  | Noticed a wraith
  3857 | Ossuary  | Noticed a wraith
  3865 | Ossuary  | Killed a wraith
  3980 | Ossuary  | Reached skill level 5 in Shields
  4453 | D:5      | Found Xiupneg's Armour Shoppe.
  4684 | D:5      | Reached XP level 7. HP: 55/56 MP: 7/7
  4699 | D:5      | Found Roff's Book Emporium.
  5128 | D:6      | Found a staircase to the Ecumenical Temple.
  5175 | D:6      | Noticed a yak
  5182 | D:6      | Killed a yak
  5182 | D:6      | Reached skill level 5 in Long Blades
  5184 | D:6      | Noticed a yak
  5184 | D:6      | Noticed a yak
  5205 | D:6      | Noticed a yak
  5208 | D:6      | Killed a yak
  5208 | D:6      | Reached skill level 5 in Fighting
  5236 | D:6      | Killed a yak
  5237 | D:6      | Killed a yak
  5237 | D:6      | Reached XP level 8. HP: 48/63 MP: 8/8
  5240 | Temple   | Entered the Ecumenical Temple
  5369 | Temple   | Became a worshipper of Makhleb the Destroyer
  6308 | D:7      | Noticed a hippogriff
  6315 | D:7      | Killed a hippogriff
  6334 | D:7      | Noticed a hippogriff
  6339 | D:7      | Killed a hippogriff
  6501 | D:7      | Found a snail-covered altar of Cheibriados.
  6724 | D:8      | Gained mutation: You have sharp toenails. [demonic
                  | ancestry]
  6724 | D:8      | Reached XP level 9. HP: 70/71 MP: 9/9
  6734 | D:8      | Reached * piety under Makhleb
  6881 | D:8      | Found a staircase to the Lair.
  6906 | D:8      | Got a vibrating pewter ring
  7265 | D:8      | Found a glowing golden altar of the Shining One.
  7267 | D:8      | Noticed an angel
  7301 | D:8      | Found a basalt altar of Yredelemnul.
  7303 | D:8      | Noticed a profane servitor
  7488 | D:8      | Found a shimmering altar of Xom.
  7488 | D:8      | Found a shadowy altar of Dithmenos.
  7489 | D:8      | Found a hide-covered altar of Uskayaw.
  7538 | D:8      | Noticed Prince Ribbit
  7544 | D:8      | Killed Prince Ribbit
  7587 | D:8      | Reached ** piety under Makhleb
  7872 | D:8      | Identified the ring of the Soothsayer {rN+ rCorr MP-9
                  | Str+5} (You found it on level 8 of the Dungeon)
  7939 | D:5      | Bought a crude scale mail for 225 gold pieces
  7950 | D:5      | Identified the cursed +1 scale mail of Yrchaik {SInv
                  | Stlth+} (You bought it in a shop on level 5 of the Dungeon)
  8595 | D:9      | Noticed Psyche
  8599 | D:9      | Killed Psyche
  8599 | D:9      | Gained mutation: You have razor-sharp toenails. [demonic
                  | ancestry]
  8599 | D:9      | Reached XP level 10. HP: 73/81 MP: 1/10
  8683 | D:9      | Found a stormy altar of Qazlal.
  8920 | D:10     | Entered Level 10 of the Dungeon
  9025 | D:10     | Reached *** piety under Makhleb
  9222 | D:10     | Noticed an unseen horror
  9265 | D:10     | Killed an unseen horror
  9545 | D:10     | Found a staircase to the Orcish Mines.
 10013 | D:11     | Noticed an unseen horror
 10018 | D:11     | Found a frozen archway.
 10028 | D:11     | Reached skill level 10 in Shields
 10031 | D:11     | Killed an unseen horror
 10227 | IceCv    | Entered an ice cave
 10319 | IceCv    | Reached skill level 10 in Long Blades
 10340 | IceCv    | Reached XP level 11. HP: 71/88 MP: 11/11
 10468 | IceCv    | Reached **** piety under Makhleb
 10998 | IceCv    | Noticed a death yak
 10998 | IceCv    | Noticed a frost giant
 11022 | IceCv    | Killed a frost giant
 11034 | IceCv    | Killed a death yak
 11570 | D:11     | Found a sacrificial altar of Ru.
 11570 | D:11     | Noticed a red ugly thing
 11581 | D:11     | Killed a red ugly thing
 11581 | D:11     | Reached XP level 12. HP: 76/98 MP: 3/12
 12126 | Lair:1   | Entered Level 1 of the Lair of Beasts
 12306 | Lair:1   | Noticed a five-headed hydra
 12526 | D:12     | Noticed a six-headed hydra
 12597 | D:12     | Killed a six-headed hydra
 12778 | D:12     | Found Heucrehi's Food Shoppe.
 12791 | D:12     | Reached ***** piety under Makhleb
 13468 | D:12     | Found a portal to a secret trove of treasure.
 13507 | D:12     | Slain by an orc knight

Illustrated notes

Levels and vault maps discovered:
D:1:      minmay_arrival_hallway, layout_rooms
D:2:      layout_rooms, serial_glass, glass_columns_b, glass_columns_a,
          glass_columns_b, glass_columns_a, glass_columns_b, glass_columns_c,
          glass_columns_a, glass_columns_b, glass_columns_a, glass_columns_a,
          glass_columns_a, glass_columns_c, glass_columns_b, glass_columns_a,
          first_ration, uniq_terence
D:3:      layout_basic, old_standard_altar
D:4:      layout_rooms, grunt_temple_overflow_gold_and_silver,
          dk_yredelemnul_ordeal, uniq_natasha
D:5:      layout_loops_ring, serial_shops, shop, kennysheep_little_box,
          nicolae_shop_crystal, nicolae_ossuary_entry_monument
D:6:      layout_loops_cross, minmay_temple_entry_fiery
D:7:      layout_cave_pools, cheibrodos_worm_habitat
D:8:      layout_cave_pools, grunt_temple_overflow_holy_war,
          gammafunk_temple_overflow_claw, dpeg_oklobed_lair, uniq_prince_ribbit1
D:9:      layout_basic, nicolae_qazlal_general_emergency, uniq_psyche
D:10:     layout_roguey, orc_0_dummy, hangedman_stone_soup, grunt_ministairs_8,
          kennysheep_generic_room_12
D:11:     layout_basic, portal_ice_cave_rime, nicolae_ru_awakened_eye
D:12:     layout_small_grid, serial_shops, shop,
          nicolae_trove_entry_free_sample, serial_bayou, serial_bayou_lagoon_b,
          serial_bayou_ford_a, serial_bayou_shore_a, serial_bayou_shore_b
Temple:   minmay_temple_bridge_abc
Lair:1:   layout_roguey, cheibrodos_lair_reptile_den

Skill      XL: |  1  2  3  4  5  6  7  8  9 10 11 12 |
---------------+-------------------------------------+-----
Long Blades    | 2 3 4 5 7 8 10 11 12 | 12.0
Shields        | 3 4 5 6 7 8 10 11 12 | 12.1
Fighting       | 4 5 6 7 8 9 |  9.8
Armour         | |  2.6

Action                   |  1- 3 |  4- 6 |  7- 9 | 10-12 || total
-------------------------+-------+-------+-------+-------++-------
Melee: Long sword        |   137 |   212 |   310 |   544 ||  1203
Evoke: Wand              |       |       |       |     1 ||     1
  Use: Scroll            |       |    13 |    17 |     2 ||    32
       Potion            |       |     1 |       |     4 ||     5
 Stab: Distracted        |       |       |       |     2 ||     2
  Eat: Chunk             |     1 |     6 |     8 |    10 ||    25
       Ration            |       |     2 |     1 |     2 ||     5
Armor: Scale mail        |    84 |    90 |   108 |   177 ||   459
Dodge: Dodged            |    38 |    43 |    71 |   181 ||   333
Block: Kite shield       |    82 |    95 |   146 |   389 ||   712
       Rpst.: Long sword |    11 |    19 |    20 |    38 ||    88
